 Dungeon Crawl Stone Soup version 0.26-a0-30-g56b8cd3df0 (webtiles) character file.

Game seed: 15124925734873519614, levelgen mode: deterministic

175 gruber the Slinger (level 5, 0/34 HPs)
             Began as a Halfling Hunter on June 3, 2020.
             Killed by divine providence
             ... invoked by an orc priest
              (15 damage)
             ... on level 3 of the Dungeon.
             The game lasted 00:02:43 (2295 turns).

gruber the Slinger (Halfling Hunter)                Turns: 2295, Time: 00:02:44

Health: 0/34       AC:  3    Str: 14    XL:     5   Next: 85%
Magic:  5/5        EV: 14    Int:  9    God:
Gold:   73         SH:  0    Dex: 15    Spells: 4/4 levels left

rFire    . . .     SeeInvis .   a - +1 hunting sling
rCold    . . .     Gourm    .   (shield restricted)
rNeg     . . .     Faith    .   c - +0 leather armour
rPois    .         Spirit   .   (no helmet)
rElec    .         Reflect  .   (no cloak)
rCorr    .         Harm     .   (no gloves)
MR       .....                  (no boots)
Stlth    ++........             (no amulet)
HPRegen  0.11/turn              (no ring)
MPRegen  0.09/turn              (no ring)

@: no status effects
A: small, mutation resistance 1
a: no special abilities


You were on level 3 of the Dungeon.
You were not hungry.

You visited 1 branch of the dungeon, and saw 3 of its levels.

You collected 73 gold pieces.

Inventory:

Hand Weapons
 a - a +1 hunting sling (weapon)
 u - a +4 vorpal mace
Missiles
 d - 32 sling bullets
 e - 4 stones (quivered)
Armour
 c - a +0 leather armour (worn)
Jewellery
 p - a cursed amulet of inaccuracy {unknown}
 r - an uncursed ring of fire {unknown}
Scrolls
 g - 2 scrolls of fear {unknown}
 h - a scroll of blinking {unknown}
 i - a scroll of noise {unknown}
 j - a scroll of immolation {unknown}
 l - 2 scrolls of teleportation {unknown}
 m - 2 scrolls of remove curse {unknown}
 o - a scroll of amnesia {unknown}
 q - 4 scrolls of identify {unknown}
 t - a scroll of enchant weapon {unknown}
Potions
 k - 2 potions of lignification {unknown}
 n - a potion of might {unknown}
 s - a potion of mutation {unknown}
Comestibles
 f - 8 rations


   Skills:
 - Level 1.7 Fighting
 + Level 9.5 Slings
 - Level 2.1 Dodging
 - Level 1.1 Stealth


You had 4 spell levels left.
You didn't know any spells.
Your spell library was empty.

Dungeon Overview and Level Annotations

Branches:
Dungeon (3/15)

Altars:
Xom


Innate Abilities, Weirdness & Mutations

You are small and have problems with some larger weapons.
You are somewhat resistant to further mutation.


Message History

The orc priest is severely wounded.
Unknown command.
Fire/throw which item? (* to show all) (? for menu, Esc to quit)
Firing (i - inventory. (/) - cycle)
e - 4 stones (quivered)
Press: ? - help, Shift-Dir - straight line, f/p - orc priest
Aim: an orc priest, wielding a +0 trident and wearing a +0 ring mail (severely wounded)
You shoot a sling bullet.
The sling bullet closely misses the orc priest.
The orc priest barely misses you.
Unknown command.
Unknown command.
Fire/throw which item? (* to show all) (? for menu, Esc to quit)
Firing (i - inventory. (/) - cycle)
e - 4 stones (quivered)
Press: ? - help, Shift-Dir - straight line, f/p - orc priest
Aim: an orc priest, wielding a +0 trident and wearing a +0 ring mail (severely wounded)
You shoot a sling bullet. The sling bullet hits the orc priest.
The orc priest is almost dead.
The orc priest mumbles some strange prayers to Beogh against you.
Beogh smites you!
You die...

##### #...# #
#...#####.
#.###......((
#.........(##.
#........((((.
#..>....o..#
#.@[# #.>(#
.(.(...
#.##!..(.. #.
#.#.###.. #
.###. . # #.
##


You could see an orc priest.

Vanquished Creatures
  Jessica (D:2)
  Terence (D:2)
  3 gnolls (D:2)
  2 oozes
  A worm (D:2)
  A dart slug (D:2)
  4 leopard geckos
  7 orcs (D:3)
  8 bats
  3 giant cockroaches
  7 goblins
  8 hobgoblins
  4 jackals (D:1)
  5 kobolds
  4 frilled lizards
  9 rats
68 creatures vanquished.

Notes
Turn   | Place    | Note
-------+----------+-------------------------------------------
     0 | D:1      | gruber the Halfling Hunter began the quest for the Orb.
     0 | D:1      | Reached XP level 1. HP: 14/14 MP: 1/1
   130 | D:1      | Reached skill level 6 in Slings
   151 | D:1      | Reached XP level 2. HP: 19/19 MP: 2/2
   342 | D:1      | Reached skill level 7 in Slings
   342 | D:1      | Reached XP level 3. HP: 24/24 MP: 3/3
  1054 | D:2      | Noticed Jessica
  1060 | D:2      | Killed Jessica
  1060 | D:2      | Reached skill level 8 in Slings
  1060 | D:2      | Reached XP level 4. HP: 29/29 MP: 4/4
  1327 | D:2      | Reached XP level 5. HP: 30/34 MP: 5/5
  1334 | D:2      | Noticed Terence
  1349 | D:2      | Killed Terence
  1349 | D:2      | Reached skill level 9 in Slings
  1930 | D:2      | Found a shimmering altar of Xom.
  2295 | D:3      | Killed from afar by an orc priest

Illustrated notes

Levels and vault maps discovered:
D:1:      sevenhm_arrival_forest_fort_small_4, layout_basic, chequers_big_river,
          grunt_decor_arrowhead
D:2:      layout_loops_ring, marbit_many_paths, uniq_jessica, uniq_terence
D:3:      layout_loops_ring, nicolae_overflow_crystal_walls, elyvilon_altar_1

Skill      XL: |  1  2  3  4  5 |
---------------+----------------+-----
Slings         | 6 7 8 9 |  9.5
Fighting       | |  1.7
Dodging        | |  2.1
Stealth        | |  1.1

Action                   |  1- 3 |  4- 6 || total
-------------------------+-------+-------++-------
Melee: Short sword       |     9 |       ||     9
 Fire: Hunting sling     |    59 |   143 ||   202
  Eat: Chunk             |       |     4 ||     4
Armor: Leather armour    |     1 |     6 ||     7
Dodge: Dodged            |    13 |    13 ||    26

Table legend:
 A = Non-vault XP
 B = Vault XP
 C = Vault XP percentage of total XP
 D = Non-vault monster count
 E = Vault monster count
 F = Vault count percentage of total count
                 A         B        C        D         E       F
            +---------+---------+-------+---------+---------+-------
      Total |     175 |      75 |  30.0 |      65 |       3 |   4.4
            +---------+---------+-------+---------+---------+-------
        D:1 |      57 |       0 |   0.0 |      29 |       0 |   0.0
        D:2 |      97 |      75 |  43.6 |      29 |       3 |   9.4
        D:3 |      21 |       0 |   0.0 |       7 |       0 |   0.0
            +---------+---------+-------+---------+---------+-------
